 Dungeon Crawl Stone Soup version bcrawl-1.31 (webtiles) character file.

Game seed: 12070902334193790346

263226 Maplein the Zephyrmancer (level 9, -8/57 HPs)
             Began as an Avariel Air Elementalist on Mar 31, 2021.
             Was a Believer of Sif Muna.
             Shot with an arrow by a centaur warrior (20 damage)
             ... on level 6 of the Dungeon.
             The game lasted 00:37:32 (5975 turns).

Maplein the Zephyrmancer (Avariel Air Elementalist) Turns: 5975, Time: 00:37:33

Health: -8/57      AC:  9    Str:  6    XL:     9   Next: 27%
Magic:  11/20      EV: 13    Int: 25    God:    Sif Muna [**....]
Gold:   434        SH:  0    Dex:  8    Spells: 10/20 levels left

rFire    . . .     SeeInvis .   a - +3 dagger (venom)
rCold    . . .     Gourm    .   (no shield)
rNeg     . . .     Faith    .   D - +3 leather armour "Otopsat" {rPois MR+++ Dex-5 Stlth-}
rPois    +         Spirit   .   (no helmet)
rElec    .         Reflect  .   B - +0 cloak {+Inv}
rCorr    .         Harm     .   (no gloves)
MR       +++..                  z - +1 pair of boots
Stlth    ..........             (no amulet)
HPRegen  0.19/turn              H - ring of flight
MPRegen  0.17/turn              t - ring of poison resistance

@: flying quickly and evasively, quick
A: able to fly
a: Stop Flying, Divine Energy, Renounce Religion, Evoke Invisibility


You were on level 6 of the Dungeon.
You worshipped Sif Muna.
Sif Muna was pleased with you.
You were not hungry.

You visited 1 branch of the dungeon, and saw 6 of its levels.
You also visited: Sewer.

You collected 434 gold pieces.

Inventory:

Hand Weapons
 a - a +3 dagger of venom (weapon)
 b - a +0 blowgun
 d - a +0 shortbow
 G - a +2 whip of freezing
 L - a cursed -2 rapier
Missiles
 g - 234 poisoned needles
 j - 2 throwing nets {=f}
 r - 1520 stones (quivered)
 s - 611 arrows
 E - 256 poisoned tomahawks
 J - 299 sling bullets
Armour
 h - a cursed +0 ring mail
 i - the +4 ring mail of the Barber Surgeon {rPois, unknown}
   (You found it on level 5 of the Dungeon)

   It protects you from poison.
 y - a +0 medium shield
 z - a +1 pair of boots (worn)
 B - a +0 cloak of invisibility (worn)
 D - the +3 leather armour "Otopsat" (worn) {rPois MR+++ Dex-5 Stlth-}
   (You found it on level 4 of the Dungeon)

   It affects your dexterity (-5).
   It protects you from poison.
   It affects your resistance to hostile enchantments.
   It makes you less stealthy.
 K - a +2 robe of magic recovery
Jewellery
 t - a ring of poison resistance (right hand)
 H - a ring of flight (left hand)
Wands
 C - a wand of acid (10)
Scrolls
 f - 2 scrolls of fear
 k - 3 scrolls of amnesia
 m - a scroll of noise {unknown}
 n - 2 scrolls of teleportation {unknown}
 p - a scroll of enchant weapon {unknown}
 q - a scroll of immolation {unknown}
 w - a scroll of remove curse {@r2}
 x - a scroll of fog {unknown}
Potions
 c - a potion of flight
 l - 3 potions of ambrosia
 o - 2 potions of mutation
 u - 4 potions of might {found as two}
 v - a potion of magic {unknown}
 A - 2 potions of curing {unknown}
 F - 2 potions of heal wounds {unknown}
 I - 2 potions of agility {unknown}
Comestibles
 e - 6 rations {!d}


   Skills:
 - Level 7.0 Fighting
 - Level 1.0 Armour
 - Level 2.1 Dodging
 - Level 2.1 Stealth
 + Level 6.0 Spellcasting
 - Level 4.0 Conjurations
 - Level 1.0 Charms
 + Level 8.0 Air Magic
 - Level 5.0 Evocations


You had 10 spell levels left.
You knew the following spells:

 Your Spells              Type           Power        Failure   Level  Hunger
a - Shock                 Conj/Air       #####        1%          1    None
b - Swiftness             Chrm/Air       ####....     2%          2    None
c - Static Discharge      Air            #####...     1%          3    ##.....
d - Airstrike             Air            #####.....   4%          4    ####...

Your spell library contained the following spells:

 Spells                   Type           Power        Failure   Level  Hunger
 Corona                   Hex            #......      12%         1    None
 Summon Small Mammal      Summ           #...         12%         1    None
 Dazzling Orbs            Conj/Hex       ###....      16%         3    ##.....
 Ensorcelled Hibernation  Hex/Ice        #.....       17%         2    None
 Lightning Bolt           Conj/Air       #####.....   26%         5    #####..
 Confuse                  Hex            #.......     34%         3    ##.....
 Tukima's Dance           Hex            #.......     34%         3    ##.....
 Cause Fear               Hex            #.........   75%         4    ####...
 Petrify                  Tmut/Erth      #.........   75%         4    ####...
 Yara's Violent Unravell  Hex/Tmut       #.........   75%         4    ####...
 Metabolic Englaciation   Hex/Ice        #.........   97%         5    #####..
 Shadow Creatures         Summ           N/A          100%        6    #######
 Mana Rupture             Conj/Hex       ###.......   100%        7    #######
 Summon Horrible Things   Summ           #.........   100%        8    #######


Dungeon Overview and Level Annotations

Branches:
Dungeon (6/12)             Temple (0/1) D:5

Altars:
Ashenzari
Okawaru
Qazlal
Sif Muna
Trog


Innate Abilities, Weirdness & Mutations

You can fly continuously.


Message History

The centaur warrior shouts!
The centaur warrior wields a +0 shortbow.
The centaur warrior shoots an arrow.
The arrow hits you!
Casting: Shock (safe; 1% risk of failure)
Confirm with . or Enter, or press ? or * to list all spells.
Aiming: Airstrike (safe; 4% risk of failure)
Press: ? - help, Dir - move target cursor, f/p - centaur warrior
Aim: a centaur warrior, wielding a +0 shortbow and quivering 121 arrows (moderately wounded)
The air twists around and strikes the centaur warrior!
The centaur warrior is heavily wounded.
The centaur warrior shoots an arrow.
The arrow hits you!!
Evoke which item? (* to show all) (? for menu, Esc to quit)
Aiming: Corrosive Bolt
Press: ? - help, Shift-Dir - straight line, f/p - centaur warrior
Aim: a centaur warrior, wielding a +0 shortbow and quivering 120 arrows (moderately wounded)
The bolt of acid misses the centaur warrior.
The centaur warrior shoots an arrow.
The arrow hits you!
* * * LOW HITPOINT WARNING * * *
The centaur warrior shoots an arrow.
The arrow hits you!!
You die...

########
#......#
##..<...##
#........#
###........#
#..........#
##........##
##........##
#.@......##
....†.........#
...c...†#...##..
.......#...##
##. ....... ..##
....... ..#
....... ..
......# .##


You could see a centaur warrior.

Vanquished Creatures
  Pikel (D:3)
  Sigmund (D:5)
  Menkaure (D:5)
  Duvessa (D:4)
  A slave (D:3)
  An ice beast (D:5)
  A centaur (D:4)
  3 bullfrogs
  Dowan (D:4)
  2 hounds
  Crazy Yiuf (D:3)
  2 centaur skeletons
  2 orc priests (D:5)
  Terence (D:2)
  Jessica (D:3)
  4 worker ants
  Natasha (thrice) (D:3)
  2 iguanas
  A hound zombie (D:4)
  A howler monkey zombie (D:3)
  A howler monkey skeleton (D:2)
  A river rat (D:5)
  15 adders
  An ooze (D:3)
  3 adder zombies (D:2)
  2 adder skeletons (D:2)
  6 worms
  3 dart slugs
  7 leopard geckos
  10 orcs
  2 ball pythons (Sewer)
  3 bats (D:1)
  4 giant cockroaches
  6 goblins
  7 hobgoblins
  8 jackals
  7 kobolds
  2 quokkas
  11 frilled lizards
  A jackal zombie (D:2)
  12 rats
143 creatures vanquished.

Notes
Turn   | Place    | Note
-------+----------+-------------------------------------------
     0 | D:1      | Maplein the Avariel Air Elementalist began the quest for
                  | the Orb.
     0 | D:1      | Reached XP level 1. HP: 10/10 MP: 6/6
   196 | D:1      | Reached XP level 2. HP: 15/16 MP: 3/7
   219 | D:1      | Learned a level 2 spell: Swiftness
   529 | D:1      | Reached skill level 1 in Fighting
   530 | D:1      | Reached XP level 3. HP: 20/20 MP: 6/9
   534 | D:1      | Learned a level 3 spell: Static Discharge
  1196 | D:2      | Noticed Terence
  1574 | D:2      | Reached XP level 4. HP: 25/25 MP: 4/10
  1734 | D:2      | Reached skill level 5 in Air Magic
  2167 | D:2      | Killed Terence
  2252 | D:3      | Reached XP level 5. HP: 31/31 MP: 6/11
  2308 | D:3      | Noticed Jessica
  2325 | D:3      | Killed Jessica
  2470 | D:3      | Noticed Natasha
  2484 | D:3      | Killed Natasha
  2555 | D:3      | Learned a level 4 spell: Airstrike
  2639 | D:3      | Reached XP level 6. HP: 37/37 MP: 8/12
  2749 | D:3      | Noticed Natasha
  2752 | D:3      | Killed Natasha
  2753 | D:3      | Reached skill level 1 in Charms
  2795 | D:3      | Noticed Natasha
  2803 | D:3      | Killed Natasha
  3029 | D:3      | Found a shimmering blue altar of Sif Muna.
  3031 | D:3      | Found a stormy altar of Qazlal.
  3040 | D:3      | Became a worshipper of Sif Muna the Loreminder
  3214 | D:3      | Found an iron altar of Okawaru.
  3387 | D:3      | Found a runed door.
  3493 | D:3      | Noticed Crazy Yiuf
  3515 | D:3      | Killed Crazy Yiuf
  3750 | D:4      | Got a garnet-encrusted leather armour
  3761 | D:4      | Identified the +3 leather armour "Otopsat" {rPois MR+++
                  | Dex-5 Stlth-} (You found it on level 4 of the Dungeon)
  3790 | D:4      | Reached XP level 7. HP: 44/44 MP: 11/15
  3986 | D:4      | Reached skill level 5 in Fighting
  4018 | D:4      | Noticed Pikel
  4142 | D:3      | Killed Pikel
  4143 | D:3      | Reached * piety under Sif Muna
  4143 | D:3      | Reached skill level 1 in Armour
  4143 | D:3      | Reached skill level 5 in Spellcasting
  4143 | D:3      | Reached skill level 7 in Air Magic
  4143 | D:3      | Reached XP level 8. HP: 36/49 MP: 1/18
  4439 | D:4      | Noticed Duvessa
  4439 | D:4      | Noticed Dowan
  4462 | D:4      | Killed Duvessa
  4469 | D:4      | Killed Dowan
  4470 | D:4      | Reached skill level 8 in Air Magic
  4901 | D:5      | Entered Level 5 of the Dungeon
  4907 | D:5      | Found a shattered altar of Ashenzari.
  4983 | D:5      | Reached ** piety under Sif Muna
  5023 | D:5      | Found a staircase to the Ecumenical Temple.
  5037 | D:5      | Got a masterwork ring mail
  5089 | D:5      | Noticed a moth of wrath
  5160 | D:5      | Found a glowing drain.
  5188 | Sewer    | Entered a sewer
  5195 | Sewer    | Identified Sif Muna's Tome of Creative Air (Sif Muna gifted
                  | it to you in a sewer)
  5195 | Sewer    | Received a gift from Sif Muna
  5512 | D:5      | Noticed Menkaure
  5540 | D:5      | Killed Menkaure
  5541 | D:5      | Gained mutation: You can fly continuously. [Avariel growth]
  5541 | D:5      | Reached XP level 9. HP: 34/56 MP: 11/20
  5639 | D:5      | Noticed Sigmund
  5645 | D:5      | Killed Sigmund
  5846 | D:5      | Found a bloodstained altar of Trog.
  5972 | D:6      | Reached skill level 5 in Evocations
  5972 | D:6      | Noticed a centaur warrior
  5975 | D:6      | Shot with an arrow by a centaur warrior

Skill      XL: |  1  2  3  4  5  6  7  8  9 |
---------------+----------------------------+-----
Spellcasting   | 3 4 5 6 |  6.0
Conjurations   | 2 3 4 |  4.0
Fighting       | 1 2 3 4 5 6 7 |  7.0
Air Magic      | 5 7 8 |  8.0
Charms         | 1 |  1.0
Armour         | 1 |  1.0
Evocations     | 2 5 |  5.0
Dodging        | |  2.1
Stealth        | |  2.1

Action                   |  1- 3 |  4- 6 |  7- 9 || total
-------------------------+-------+-------+-------++-------
Melee: Dagger            |       |       |     2 ||     2
Throw: Stone             |       |     9 |     1 ||    10
 Cast: Shock             |    76 |   151 |   150 ||   377
       Airstrike         |       |       |    10 ||    10
       Static Discharge  |       |       |     1 ||     1
Evoke: Wand              |       |       |     2 ||     2
  Use: Scroll            |     1 |     5 |     2 ||     8
  Eat: Chunk             |     3 |     9 |    12 ||    24
Armor: Robe              |     1 |     8 |       ||     9
       Leather armour    |       |       |    20 ||    20
Dodge: Dodged            |     2 |    30 |    28 ||    60
